 Dungeon Crawl Stone Soup version 0.29-a0-231-g945431f764 (webtiles) character file.

Game seed: 6487681292722120989

91 enile the Skirmisher (level 4, -4/33 HPs)
             Began as a Djinni Fire Elementalist on Feb 28, 2022.
             Was a Follower of Hepliaklqana.
             Slain by an ogre
             ... wielding a +0 giant club
              (27 damage)
             ... on level 2 of the Dungeon.
             The game lasted 00:01:25 (2375 turns).

enile the Skirmisher (Djinni Fire Elementalist)     Turns: 2375, Time: 00:01:26

Health: -4/33      AC:  2    Str:  7    XL:     4   Next: 88%
Gold:   59         EV: 12    Int: 19    God:    Hepliaklqana [*.....] SH:  0 Dex: 13

rFire   + + .      SeeInvis .   s - +6 club (spect)
rCold   x . .      Faith    .   (no shield)
rNeg    . . .      Spirit   .   a - +0 robe
rPois   ∞          Reflect  .   k - +0 hat
rElec   .          Harm     .   (no cloak)
rCorr   .          Rampage  .   (no gloves)
Will    .....                   (boots unavailable)
Stlth   ++........              (no amulet)
HPRegen 0.11/turn               f - ring of wizardry
MPRegen 0.00/turn               (no ring)

@: flying
A: reduced essence, sickness immunity, fire resistance 2, cold vulnerability 1,
float, innate caster, HP casting, extra vitality 1
a: Renounce Religion, Recall Ancestor, Ancestor Identity


You were on level 2 of the Dungeon.
You worshipped Hepliaklqana.
Hepliaklqana was aware of your devotion.
You visited 1 branch of the dungeon, and saw 2 of its levels.

You collected 59 gold pieces.

Inventory:

Hand Weapons
 g - a +0 flail
 s - a +6 spectral club (weapon)
Armour
 a - a +0 robe (worn)
 k - a +0 hat (worn)
Jewellery
 f - a ring of wizardry (left hand)
Scrolls
 b - a scroll of holy word {unknown}
 c - 2 scrolls of enchant armour {unknown}
 e - a scroll of torment {unknown}
 i - a scroll of identify {unknown}
 j - 2 scrolls of fear {unknown}
 l - a scroll of magic mapping {unknown}
 m - a scroll of summoning {unknown}
 n - a scroll of enchant weapon {unknown}
 p - a scroll of blinking {unknown}
 r - a scroll of vulnerability {unknown}
Potions
 d - a potion of curing {unknown}
 h - a potion of heal wounds {unknown}
 o - a potion of invisibility {unknown}
 q - a potion of flight {unknown}


   Skills:
 + Level 4.0 Fighting
 - Level 2.1 Dodging
 - Level 1.5 Stealth
 - Level 2.4 Spellcasting


You couldn't memorise any spells.
You knew the following spells:

 Your Spells              Type           Power      Damage    Failure   Level
a - Foxfire               Conj/Fire      44%        2x1d6     2%          1
b - Scorch                Fire           22%        2d6       3%          2
c - Conjure Flame         Conj/Fire      11%        6-21      8%          3
d - Inner Flame           Hex/Fire       11%        N/A       8%          3
e - Flame Wave            Conj/Fire      11%        2d5       24%         4
f - Sandblast             Erth           22%        2d7       2%          1
Your spell library was empty.

Dungeon Overview and Level Annotations

Branches:
Dungeon (2/15)

Altars:
Hepliaklqana


Innate Abilities, Weirdness & Mutations

Your life essence is reduced to manifest your ancestor. (-10% HP)
You are immune to sickness and miasma.
You are immune to poison.
Your flesh is very heat resistant. (rF++)
You are vulnerable to cold. (rC-)
You float through the air rather than walking.
You learn spells naturally, not from books.
Your magical power is your life essence.
You have superior vitality. (+4 MHP)


Message History

Things that are here:
a +6 spectral club; a +0 robe; the human corpse of Jessica
r - a scroll labelled LYLESADUXT You swap places.
Things that are here:
a +6 spectral club; a +0 robe; the human corpse of Jessica
s - a +6 spectral club You feel a bond with your +6 spectral club.
s - a +6 spectral club (weapon)
A hobgoblin and a ball python come into view.
The ball python hisses angrily.
The hobgoblin shouts!
You hear a shout!
There are monsters nearby!
There are monsters nearby!
Casting: Foxfire (safe; 2% risk of failure)
Confirm with . or Enter, or press ? or * to list all spells.
You conjure some foxfire!
The foxfire hits the ball python.
You kill the ball python!
An ogre comes into view. It is wielding a +0 giant club.
An ogre is nearby!
Casting: Foxfire (safe; 2% risk of failure)
Confirm with . or Enter, or press ? or * to list all spells.
Flames lash the ogre.
The ogre is moderately wounded.
The ogre's fire resistance burns away.
An endoplasm comes into view.
The endoplasm quivers.
The ogre completely misses you.
Casting: Scorch (safe; 3% risk of failure)
Confirm with . or Enter, or press ? or * to list all spells.
Flames lash the hobgoblin.
You kill the hobgoblin!
The ogre barely misses you.
Casting: Scorch (safe; 3% risk of failure)
Confirm with . or Enter, or press ? or * to list all spells.
Flames lash the ogre.
The ogre is burned terribly!
The ogre is heavily wounded.
The ogre hits you with a +0 giant club.
The ogre hits you with a +0 giant club!!
Ouch! That really hurt!
You die...

.....# .....#
...... .....#
..... .....#
.... .....# .
... .....##..
..###
........ .J.
.....# #O#
.....# #@#
.....# #R#
..)..#######.
#.#
...[.........
#.#
##.##.#######
#.# #.##.#
#.#
#.##'#####
#.#
#.#......#
#.#
#.#......#
#.#


You could see the friendly Paser the ancestor, an ogre (combustible, ally
target) and an endoplasm.

Vanquished Creatures
  Jessica (D:2)
  A gnoll (D:1)
  An adder (D:2)
  A worm (D:2)
  2 dart slugs (D:2)
  3 ball pythons
  4 bats (D:1)
  4 endoplasms
  5 giant cockroaches
  A goblin (D:1)
  4 hobgoblins
  2 quokkas
  2 frilled lizards (D:1)
  A kobold (D:2)
  7 rats
39 creatures vanquished.

Vanquished Creatures (others)
  147 foxfires
147 creatures vanquished.

Grand Total: 186 creatures vanquished

Notes
Turn   | Place    | Note
-------+----------+-------------------------------------------
     0 | D:1      | enile the Djinni Fire Elementalist began the quest for the
                  | Orb.
     0 | D:1      | Reached XP level 1. HP: 15/15 MP: 0/0
   221 | D:1      | Reached skill level 1 in Fighting
   264 | D:1      | Reached XP level 2. HP: 12/22 MP: 0/0
   524 | D:1      | Reached skill level 2 in Fighting
   717 | D:1      | Reached XP level 3. HP: 21/29 MP: 0/0
   717 | D:1      | Learned a level 1 spell: Sandblast
   868 | D:1      | Found a faded altar of an unknown god.
  1412 | D:1      | Reached skill level 3 in Fighting
  1623 | D:1      | Prayed at the altar of an unknown god.
  1623 | D:1      | Became a worshipper of Hepliaklqana the Forgotten
  1623 | D:1      | Reached * piety under Hepliaklqana
  1943 | D:2      | Reached XP level 4. HP: 25/31 MP: 0/0
  2303 | D:2      | Noticed Jessica
  2307 | D:2      | Killed Jessica
  2308 | D:2      | Reached skill level 4 in Fighting
  2369 | D:2      | Noticed an ogre
  2375 | D:2      | Slain by an ogre

Illustrated notes

Levels and vault maps discovered:
D:1:      minmay_arrival_diagonal_passages, layout_basic,
          shapermc_ecumenical_altar_pompeii
D:2:      layout_basic, uniq_jessica

Skill      XL: |  1  2  3  4 |
---------------+-------------+-----
Fighting       | 1 2 3 4 |  4.0
Dodging        | |  2.1
Stealth        | |  1.5
Spellcasting   | |  2.4

Action                   |  1- 3 |  4- 6 || total
-------------------------+-------+-------++-------
 Cast: Foxfire           |    79 |    15 ||    94
       Scorch            |     1 |     5 ||     6
Armor: Robe              |     2 |       ||     2
Dodge: Dodged            |     8 |     2 ||    10

Table legend: (Time is in decaauts)
 A = Elapsed time spent in this place.
 B = Non-inter-level travel time spent in this place.
 C = Inter-level travel time spent in this place.
 D = Time resting spent in this place.
 E = Time spent auto-exploring this place.
 F = Levels seen in this place.
 G = Mean time per level.
                   A        B        C        D        E       F      G
               +--------+--------+--------+--------+--------+-----+--------+
         Total |   2373 |   2190 |    183 |      0 |   1898 |   2 | 1186.5 |
       Dungeon |   2373 |   2190 |    183 |      0 |   1898 |   2 | 1186.5 |
               +--------+--------+--------+--------+--------+-----+--------+

Top non-repeatable levels by time:
     D:1: 1674 daAuts
     D:2: 699 daAuts
